 Dungeon Crawl Stone Soup version 0.29.0-4-gdea44cf6ec (webtiles) character file.

Game seed: 15699613573113983945

200 qw the Chopper (level 5, 0/42 HPs)
             Began as a Barachi Chaos Knight on Sept 6, 2022.
             Slain by Grinder (9 damage)
             ... while paralysed by Grinder
             ... in a sewer.
             The game lasted 00:01:24 (2810 turns).

qw the Chopper (Barachi Chaos Knight)               Turns: 2810, Time: 00:01:25

Health: 0/42       AC:  3    Str: 16      XL:     5   Next: 79%
Magic:  5/5        EV:  2    Int: 12      God:
Gold:   66         SH:  0    Dex: 11 (15) Spells: 4/4 levels left

rFire   . . .      SeeInvis .   Y - +0 war axe
rCold   . . .      Faith    .   (no shield)
rNeg    . . .      Spirit   .   p - +0 ring mail
rPois   .          Reflect  +   (no helmet)
rElec   .          Harm     .   (no cloak)
rCorr   .          Rampage  .   (no gloves)
Will    +....                   (no boots)
Stlth   +.........              o - amulet of reflection
HPRegen 0.14/turn               i - +6 ring of dexterity
MPRegen 0.09/turn               (no ring)

@: paralysed, slow
A: amphibious, slowness 1, strong legs 1, +LOS, clumsy 1, deformed body,
strong-willed 1, MP-powered wands
a: Hop


You were in a sewer.
You visited 1 branch of the dungeon, and saw 3 of its levels.
You also visited: Sewer.

You collected 66 gold pieces.


Innate Abilities, Weirdness & Mutations

You are amphibious.
You cover ground slowly.
You can hop short distances.
You have an extended range of vision and can be seen from far away.
You are clumsy. (Dex -2)
Armour fits poorly on your strangely shaped body.
You are strong-willed. (Will+)
You expend magic power (3 MP) to strengthen your wands.


   Skills:
 - Level 4.0 Fighting
 + Level 6.4 Axes
 - Level 2.4 Armour
 - Level 2.1 Dodging


You had 4 spell levels left.
You didn't know any spells.
Your spell library was empty.

Inventory:

Hand Weapons
 e - a +3 mace
 Y - a +0 war axe (weapon)
Armour
 p - a +0 ring mail (worn)
Jewellery
 i - a +6 ring of dexterity (left hand)
 o - an amulet of reflection (around neck)
Scrolls
 m - a scroll of identify
Potions
 a - a potion of might {unknown}
 d - a potion of degeneration {unknown}
 f - a potion of flight {unknown}
 g - a potion of heal wounds
 h - a potion of lignification {unknown}
Miscellaneous
 c - a piece from Xom's chessboard (15/15)

Dungeon Overview and Level Annotations

Branches:
Dungeon (3/15)              Sewer (1/1)

Altars:

Shops:
D:2 (

Annotations:
Sewer Grinder


Message History

You barely miss the kobold. You block the kobold's attack.
You closely miss the kobold. The kobold hits you with a +0 whip.
You block the kobold's attack.
You barely miss the kobold. The kobold closely misses you.
You slash the kobold!
You kill the kobold!
You start resting.
HP restored.
There is an open door here.
Items here: %%% ( )).
You open the gate.
A ball python, an ufetubus and Grinder come into view.
The ball python hisses angrily.
The ufetubus shouts!
Grinder shouts!
Found a scroll of identify, a shiny orb and a purple potion.
Found a white potion.
There is an open gate here.
You slash the ball python!
You kill the ball python!
You slash the ufetubus!
You kill the ufetubus!
Found a gate leading back out of this place.
You block Grinder's attack.
You hit Grinder.
Grinder is lightly wounded.
Grinder hits you.
You writhe in agony.
You hit Grinder. You punch Grinder, but do no damage.
Grinder is lightly wounded.
Grinder hits you.
You writhe in agony.
You closely miss Grinder.
Grinder is lightly wounded.
Grinder gestures at you.
You suddenly lose the ability to move!
Grinder hits you!
You writhe in agony.
Grinder gestures at you. You resist with some effort. Grinder hits you.
Grinder hits you!
You die...

##.....##~~.#...~~~~~~
#...0..###.####.###~##
+.0.....#...#~~.......
+..._.0.)...~~~~......
+.0.....#...#~~.......
#...0..###.####.#~###~
##.....##~~.#....~~~~~
##'''###~~.#..~~~~~~~
#~..@~##~~.#.~~~~~~~~
#~..5~##~~.#.~~~~~~~~
#~...~##~~)#.~~~~~~~~
#~...~##~~.'.~~~~~~~~
#~...~###)###########
#~...~##~.~~~.~~~~~~~
##![?###~~~.~~~~~~~~~
##!## #~~~~~~~~~~~~~
#\ ##############


You could see Grinder.

Vanquished Creatures
  A quasit (Sewer)
  Jessica (D:2)
  A gnoll (D:1)
  An adder (D:3)
  A river rat (D:3)
  2 shadow imps (Sewer)
  5 ufetubi (Sewer)
  A dart slug (D:2)
  5 bats
  7 endoplasms
  8 giant cockroaches
  7 goblins
  3 hobgoblins (D:1)
  2 quokkas (D:1)
  6 ball pythons
  3 frilled lizards
  A giant cockroach zombie (Sewer)
  14 kobolds
  A kobold zombie (Sewer)
  6 rats
76 creatures vanquished.

Vanquished Creatures (others)
  A kobold zombie (Sewer)
1 creature vanquished.

Grand Total: 77 creatures vanquished

Notes
Turn   | Place    | Note
-------+----------+-------------------------------------------
     0 | D:1      | qw the Barachi Chaos Knight began the quest for the Orb.
     0 | D:1      | Reached XP level 1. HP: 18/18 MP: 1/1
     0 | D:1      | 0 ||| qw: Version: 0.1-a-107-g9ff403c
     0 | D:1      | 0 ||| qw: Game counter: 6158
     0 | D:1      | 0 ||| qw: Always use a shield: true
     0 | D:1      | 0 ||| qw: God list: Okawaru
     0 | D:1      | 0 ||| qw: Allow faded altars: false
     0 | D:1      | 0 ||| qw: Do Orc after D:15 true
     0 | D:1      | 0 ||| qw: Do second Lair branch before Depths: true
     0 | D:1      | 0 ||| qw: Lair rune preference: random
     0 | D:1      | 0 ||| qw: Plans: Normal
     0 | D:1      | 0 ||| PLANNING D:1-11
     0 | D:1      | Fell from the grace of Xom
    62 | D:1      | 62 ||| Stepping ~*~*~tactically~*~*~ (stealth).
    71 | D:1      | Reached skill level 4 in Axes
    71 | D:1      | Reached XP level 2. HP: 24/24 MP: 2/2
    77 | D:1      | 77 ||| Stepping ~*~*~tactically~*~*~ (stealth).
   117 | D:1      | 117 ||| DROPPING +0 whip.
   302 | D:1      | Reached XP level 3. HP: 29/29 MP: 3/3
   346 | D:1      | 346 ||| Stepping ~*~*~tactically~*~*~ (stealth).
   347 | D:1      | 347 ||| Stepping ~*~*~tactically~*~*~ (stealth).
   351 | D:1      | 351 ||| Stepping ~*~*~tactically~*~*~ (stealth).
   353 | D:1      | 353 ||| Stepping ~*~*~tactically~*~*~ (stealth).
   360 | D:1      | 360 ||| Stepping ~*~*~tactically~*~*~ (stealth).
   865 | D:1      | XOM: draining
  1234 | D:1      | 1234 ||| UPGRADING to +6 ring of dexterity.
  1235 | D:1      | 1235 ||| READING scroll labelled LUS HEOSHAR.
  1236 | D:1      | 1236 ||| READING scroll labelled QIUTEI ENATH.
  1293 | D:2      | 1293 ||| Stepping ~*~*~tactically~*~*~ (hiding).
  1334 | D:2      | Reached skill level 5 in Axes
  1335 | D:2      | 1335 ||| Stepping ~*~*~tactically~*~*~ (hiding).
  1437 | D:2      | 1437 ||| Stepping ~*~*~tactically~*~*~ (hiding).
  1539 | D:2      | 1539 ||| Stepping ~*~*~tactically~*~*~ (hiding).
  1540 | D:2      | 1540 ||| Stepping ~*~*~tactically~*~*~ (stealth).
  1541 | D:2      | 1541 ||| Stepping ~*~*~tactically~*~*~ (hiding).
  1542 | D:2      | 1542 ||| Stepping ~*~*~tactically~*~*~ (stealth).
  1543 | D:2      | 1543 ||| Stepping ~*~*~tactically~*~*~ (hiding).
  1786 | D:2      | Found a faded altar of an unknown god.
  1817 | D:2      | Found Butur's Antique Weapon Shop.
  1826 | D:2      | 1826 ||| SHOPLISTING +14 obsidian axe {vorpal, Mesm Drain
                  | Fly SInv} (2259 gold, have 64).
  1838 | D:2      | Noticed Jessica
  1839 | D:2      | 1839 ||| FLEEEEING.
  1914 | D:2      | 1914 ||| Stepping ~*~*~tactically~*~*~ (stealth).
  1916 | D:2      | 1916 ||| Stepping ~*~*~tactically~*~*~ (stealth).
  1937 | D:2      | Reached XP level 4. HP: 35/36 MP: 4/4
  1995 | D:2      | 1995 ||| SWAPPING to +0 war axe.
  1996 | D:2      | 1996 ||| DROPPING +0 hand axe of chaos.
  2163 | D:2      | 2163 ||| Stepping ~*~*~tactically~*~*~ (hiding).
  2182 | D:2      | Killed Jessica
  2257 | D:2      | XOM: summons 4 hostile shadow creatures
  2279 | D:2      | 2279 ||| UPGRADING to +0 ring mail.
  2289 | D:2      | 2289 ||| DROPPING +2 leather armour.
  2290 | D:2      | 2290 ||| UPGRADING to amulet of reflection.
  2295 | D:2      | 2295 ||| READING scroll labelled HEHONUDOZE.
  2299 | D:2      | 2299 ||| READING scroll labelled RICWUY IWYUTSA.
  2300 | D:2      | 2300 ||| READING scroll labelled ERIAQE JYBRYE.
  2301 | D:2      | 2301 ||| READING scroll labelled LIUSUCK HIMEC.
  2302 | D:2      | 2302 ||| DRINKING 2 pink potions.
  2314 | D:3      | 2314 ||| PLANNING SEWER
  2370 | D:3      | Found a glowing drain.
  2371 | D:3      | 2371 ||| DRINKING 2 fizzy silvery potions.
  2372 | D:3      | 2372 ||| DROPPING potion of attraction.
  2444 | Sewer    | Entered a sewer
  2472 | Sewer    | Reached XP level 5. HP: 41/41 MP: 5/5
  2534 | Sewer    | 2534 ||| Stepping ~*~*~tactically~*~*~ (stealth).
  2541 | Sewer    | Reached skill level 6 in Axes
  2603 | Sewer    | XOM: give mutations
  2603 | Sewer    | Gained mutation: You are strong-willed. (Will+) [Xom's
                  | mischief]
  2603 | Sewer    | Gained mutation: You expend magic power (3 MP) to
                  | strengthen your wands. [Xom's mischief]
  2603 | Sewer    | Gained mutation: You are clumsy. (Dex -2) [Xom's mischief]
  2603 | Sewer    | Gained mutation: Armour fits poorly on your strangely
                  | shaped body. [Xom's mischief]
  2618 | Sewer    | Found a burning altar of Makhleb.
  2799 | Sewer    | Noticed Grinder
  2806 | Sewer    | Paralysed by Grinder for 5 turns
  2809 | Sewer    | HP: 9/42 [Grinder (5)]
  2810 | Sewer    | Slain by Grinder

Levels and vault maps discovered:
D:1:      sevenhm_arrival_forest_fort_large_2, layout_basic
D:2:      layout_rooms, serial_shops, shop_statue,
          hellmonk_ecumenical_altar_inner_sanctum, grunt_ministairs_10,
          hangedman_feature_mirror, kennysheep_generic_room_12, uniq_jessica
D:3:      minmay_chambers_of_twos, layout_rooms, serial_shops,
          nicolae_shop_hallway_stairs, portal_sewer_entry_a, dk_noncrumbling_4,
          chequers_garden, chequers_mini_garden, uniq_crazy_yiuf_cottage
Sewer:    kennysheep_sewer_church

Skill      XL: |  1  2  3  4  5 |
---------------+----------------+-----
Axes           | 4 5 6 |  6.4
Dodging        | 2 |  2.1
Fighting       | 4 |  4.0
Armour         | |  2.4

Action                   |  1- 3 |  4- 6 || total
-------------------------+-------+-------++-------
Melee: Hand axe          |   122 |       ||   122
       Punch             |     1 |     1 ||     2
       War axe           |       |    90 ||    90
       Unarmed           |       |     4 ||     4
Invok: Renounce Religion |     1 |       ||     1
  Use: Scroll            |     2 |     4 ||     6
       Potion            |       |     2 ||     2
Armor: Leather armour    |    45 |     1 ||    46
       Ring mail         |       |    23 ||    23
Dodge: Dodged            |    59 |    63 ||   122
Block: Other             |       |    29 ||    29
       Reflection        |       |     3 ||     3

Table legend:
 A = Non-vault XP
 B = Vault XP
 C = Vault XP percentage of total XP
 D = Non-vault monster count
 E = Vault monster count
 F = Vault count percentage of total count
                 A         B        C        D         E       F
            +---------+---------+-------+---------+---------+-------
      Total |      78 |     209 |  72.8 |      39 |      37 |  48.7
            +---------+---------+-------+---------+---------+-------
        D:1 |      62 |       0 |   0.0 |      30 |       0 |   0.0
        D:2 |      15 |      44 |  74.6 |       8 |       6 |  42.9
        D:3 |       1 |      32 |  97.0 |       1 |       6 |  85.7
      Sewer |       0 |     133 | 100.0 |       0 |      25 | 100.0
            +---------+---------+-------+---------+---------+-------
